Map: Blackburn LE

Players

Pumba - Winner!

  • Race: Zerg Zerg
  • League: Master
  • Spawn Location: 7:00

Qoo

  • Race: Zerg Zerg
  • League: Master
  • Spawn Location: 5:00

VOD

Have the link to the VOD?

Description

Time

  • Played on: Sept. 21, 2021, 7:17 p.m.
  • Length: 10:29
Show
View Real Time Build Order
Export as new Build Order

Pumba Zerg - Winner!

Build Orders: Hatch First, Roach Hydra, Zergling Baneling 

Get SALT Encoding   

  12  0:00  Drone  
  13  0:13  Overlord  
  13  0:18  Drone  
  14  0:31  Drone x2  
  16  0:36  Drone  
  17  0:52  Hatchery  
  17  0:55  Drone  
  17  0:58  Drone  
  18  1:10  Extractor  
  17  1:15  Spawning Pool  
  17  1:18  Drone  
  17  1:23  Drone  
  18  1:30  Drone  
  19  1:44  Overlord  
  19  1:54  Drone  
  20  2:02  Queen  
  20  2:04  Zergling x2  
  20  2:05  Queen  
  20  2:06  Zergling x2  
  26  2:12  Metabolic Boost  
  26  2:15  Drone  
  26  2:17  Drone  
  28  2:24  Drone  
  29  2:30  Drone  
  29  2:33  Drone  
  31  2:40  Hatchery  
  30  2:48  Drone x2  
  32  2:55  Baneling Nest  
  32  2:57  Drone  
  32  2:58  Zergling x2  
  33  3:09  Zergling x2  
  33  3:12  Overlord  
  33  3:16  Overlord  
  33  3:26  Zergling x4  
  35  3:36  Drone x4  
  35  3:37  Drone  
  35  3:40  Baneling  
  40  3:48  Baneling  
  40  3:49  Baneling x2  
  40  3:55  Drone x6  
  46  3:56  Queen  
  46  4:00  Extractor  
  46  4:01  Extractor  
  46  4:03  Overlord  
  46  4:13  Zergling x4  
  46  4:14  Zergling x6  
  46  4:15  Baneling x2  
  46  4:16  Baneling x2  
  51  4:27  Lair  
  51  4:29  Overlord  
  51  4:30  Overlord  
  51  4:31  Drone x2, Evolution Chamber  
  52  4:34  Drone  
  53  4:44  Drone x5  
  58  4:46  Drone  
  54  5:02  Drone x8  
  54  5:03  Zergling x2  
  58  5:18  Zergling x6  
  58  5:19  Zergling x6  
  58  5:20  Drone  
  65  5:21  Queen  
  65  5:22  Spore Crawler  
  65  5:24  Spore Crawler  
  65  5:28  Spore Crawler  
  65  5:31  Spore Crawler  
  65  5:32  Drone  
  64  5:37  Spore Crawler  
  64  5:41  Drone x5  
  64  5:42  Spore Crawler  
  67  5:48  Drone  
  67  5:49  Drone  
  69  5:59  Overlord x2  
  69  6:04  Infestation Pit, Drone x2  
  68  6:05  Drone x7, Extractor  
  68  6:10  Extractor x2  
  74  6:11  Queen  
  74  6:16  Queen  
  74  6:17  Overlord  
  77  6:37  Drone x2  
  77  6:38  Drone  
  80  6:41  Pathogen Glands  
  80  6:42  Drone  
  80  6:43  Drone  
  80  6:44  Drone  
  80  6:45  Drone x3  
  80  6:46  Drone  
  87  6:51  Spore Crawler, Spine Crawler  
  87  6:52  Spore Crawler  
  84  6:57  Queen  
  84  6:58  Hatchery  
  85  7:01  Zerg Missile Weapons Level 1  
  85  7:06  Hydralisk Den  
  85  7:08  Roach Warren  
  77  7:17  Overlord x2  
  77  7:18  Drone x3  
  77  7:21  Drone  
  77  7:22  Drone x2, Infestor x2  
  83  7:23  Infestor x3  
  93  7:45  Overlord  
  93  7:47  Glial Reconstitution, Grooved Spines  
  93  7:50  Roach x10  
  113  7:53  Drone  
  114  8:01  Overseer  
  114  8:18  Spore Crawler, Drone x9  
  114  8:19  Drone  
  123  8:22  Overlord x2  
  123  8:23  Overlord x3  
  123  8:30  Extractor  
  123  8:31  Extractor  
  121  8:35  Spore Crawler  
  121  8:36  Overlord x3  
  121  8:37  Spine Crawler, Overlord  
  119  8:54  Hydralisk x10  
  139  8:59  Muscular Augments  
  139  9:02  Hydralisk x6  
  139  9:06  Spore Crawler  
  150  9:15  Hydralisk x6  
  160  9:34  Roach x6  
  160  9:37  Lurker Den  
  171  9:39  Hydralisk x2  
  171  9:40  Hydralisk  
  171  9:43  Roach x3  
  183  10:03  Hydralisk x9  
Show
View Real Time Build Order
Export as new Build Order

Qoo Zerg 

Build Orders: Hatch First 

Get SALT Encoding   

  12  0:00  Drone  
  13  0:12  Overlord  
  13  0:18  Drone  
  14  0:30  Drone x2  
  16  0:50  Hatchery  
  16  0:52  Drone  
  16  0:56  Drone  
  17  0:59  Extractor  
  17  1:02  Drone  
  17  1:19  Spawning Pool  
  17  1:20  Drone  
  17  1:24  Drone  
  18  1:29  Drone  
  20  1:40  Drone  
  20  1:50  Overlord  
  20  2:05  Queen  
  20  2:06  Queen  
  20  2:07  Metabolic Boost  
  24  2:10  Drone  
  24  2:13  Drone  
  26  2:16  Drone  
  26  2:19  Drone  
  28  2:31  Baneling Nest  
  28  2:32  Drone x2  
  28  2:34  Zergling x2  
  30  2:37  Zergling x2  
  31  2:47  Overlord  
  31  2:56  Lair  
  31  2:59  Drone x3, Extractor  
  32  3:10  Zergling x2  
  33  3:14  Drone  
  33  3:15  Drone x3  
  33  3:18  Extractor  
  36  3:21  Spine Crawler  
  36  3:22  Drone  
  36  3:31  Drone x2  
  36  3:32  Drone x2  
  40  3:37  Overlord  
  39  3:50  Drone x2, Extractor  
  39  3:51  Drone x2  
  39  3:52  Overlord  
  42  4:02  Spire  
  41  4:16  Drone x2  
  41  4:17  Drone x3  
  45  4:18  Baneling  
  45  4:19  Baneling  
  46  4:24  Baneling x2  
  46  4:26  Drone x3  
  46  4:27  Zergling x2  
  50  4:32  Drone x2  
  52  4:39  Overlord  
  52  4:41  Overlord  
  52  4:44  Zergling x4  
  54  4:49  Baneling, Spine Crawler  
  54  4:50  Baneling  
  38  5:08  Drone x4  
  38  5:09  Drone x3  
  45  5:20  Mutalisk  
  47  5:23  Mutalisk  
  47  5:26  Drone  
  50  5:28  Drone  
  50  5:33  Zerg Flyer Weapons Level 1  
  51  5:39  Mutalisk  
  51  5:41  Mutalisk  
  55  5:47  Mutalisk  
  57  5:54  Mutalisk x3  
  63  6:02  Drone x4  
  63  6:03  Drone  
  68  6:10  Overlord  
  68  6:11  Overlord  
  68  6:23  Hatchery  
  67  6:33  Mutalisk  
  67  6:34  Mutalisk x3  
  67  6:39  Baneling x2  
  75  6:45  Drone x3  
  78  6:50  Hatchery, Burrow  
  77  6:56  Mutalisk  
  78  7:10  Overlord x3  
  78  7:16  Overlord x2  
  78  7:28  Overlord  
  78  7:29  Extractor  
  77  7:32  Extractor  
  76  7:41  Mutalisk  
  76  7:42  Mutalisk x4  
  86  7:45  Zergling x6  
  86  7:46  Zergling x4  
  86  7:51  Drone x3  
  94  7:54  Zerg Flyer Weapons Level 2  
  90  8:17  Baneling x8  
  90  8:18  Baneling x2  
  88  8:20  Drone  
  88  8:21  Drone x10  
  99  8:29  Drone  
  99  8:30  Drone x3  
  103  8:35  Mutalisk  
  105  8:43  Overseer, Spine Crawler  
  105  8:45  Pneumatized Carapace  
  104  8:54  Mutalisk  
  106  8:59  Queen  
  106  9:00  Hatchery  
  107  9:07  Mutalisk x3  
  113  9:14  Mutalisk x2  
  105  9:32  Mutalisk  
  105  9:33  Mutalisk x2  
  105  9:35  Drone x10  
  105  9:36  Drone  
  105  9:37  Mutalisk  
  122  9:47  Mutalisk  
  122  9:49  Overlord x2  
  122  9:50  Overlord  
  124  9:54  Extractor  
  124  9:55  Extractor  
  124  9:56  Hydralisk Den  
  121  10:03  Mutalisk x2  
Tags
 
Add a new tag
Caveats
  • Supply blocks, unpowered buildings, or Contaminate may cause inaccurate times.
  • Supply counts are checked every 10 seconds.